 Dungeon Sprint DCSS version 0.30.1-4-g462c640d31 (webtiles) character file.

Game seed: 12720154620229161645

602 Heoruswealwe the Fighter (level 6, -11/61 HPs)
             Began as a Demigod Fighter on Aug 16, 2023.
             Succumbed to Sonja's poison
             ... in the Dungeon (Sprint I: "Red Sonja").
             The game lasted 00:04:31 (295 turns).

Heoruswealwe the Fighter (Demigod Fighter)           Turns: 295, Time: 00:04:33

Health: -11/61     AC:  8    Str: 25    XL:     6   Next: 97%
Magic:  8/8        EV:  9    Int: 10    God:
Gold:   36         SH:  6    Dex: 13    Spells: 5/5 levels left

rFire   . . .        a - +0 war axe
rCold   . . .        d - +0 buckler
rNeg    . . .        c - +0 scale mail
rPois   .            (no helmet)
rElec   .            (no cloak)
rCorr   .            (no gloves)
SInv    .            (no boots)
Will    .....        (no amulet) Stlth
                     (no ring)
HPRegen 0.30/turn    (no ring)
MPRegen 0.11/turn

%: no teleportation
@: lethally poisoned (-11 -> -77)
A: high MP 1, forlorn, divine attributes
a: no special abilities


You were in the Dungeon.
You visited 1 branch You collected 297 gold pieces.
You spent 261 gold pieces at shops.

Inventory:

Hand Weapons
 a - a +0 war axe (weapon)
Armour
 c - a +0 scale mail (worn)
 d - a +0 buckler (worn)
Wands
 b - a wand of charming (3)
 e - a wand of light (7)
Scrolls
 i - a scroll of torment {unknown}
 j - a scroll of blinking
 k - a scroll of immolation {unknown}
Potions
 f - a potion of lignification {unknown}
 h - 2 potions of magic


   Skills:
 + Level 8.2 Fighting
 + Level 6.8 Axes
 + Level 7.6 Armour
 + Level 7.6 Shields


You had 5 spell levels left.
You didn't know any spells.
Your spell library was empty.

Dungeon Overview and Level Annotations

Branches:
Dungeon (1/1)

Shops:
D :*

Annotations:
D Sonja


Innate Abilities, Weirdness & Mutations

You have an increased reservoir of magic. (+10% MP)
You shall have no god before yourself.
Your divine heritage dramatically boosts your attributes as you level up.


Message History

You feel very sick.
Sonja breaks down the door.
You see here 27 gold pieces.
You feel very sick.
You see here 27 gold pieces.
You open the door.
You feel sick.
You feel sick. Sonja completely misses you. x2
Sonja hits you but does no damage.
You are more poisoned.
There is an open door here.
You feel very sick. Sonja attacks as you move away!
Sonja hits you with a +3 dagger of venom.
You are more poisoned.
Sonja hits you but does no damage.
You are lethally poisoned!
Sonja barely misses you.
Found Cax Rear's Book Boutique.
* * * LOW HITPOINT WARNING * * *
You feel extremely sick.
Sonja hits you with a +3 dagger of venom!
* * * LOW HITPOINT WARNING * * *
You are more poisoned.
Sonja barely misses you. Sonja hits you but does no damage.
You are more poisoned.
You feel much better.
You feel extremely sick.
Sonja hits you with a +3 dagger of venom.
* * * LOW HITPOINT WARNING * * *
Sonja closely misses you.
Sonja hits you with a +3 dagger of venom!
* * * LOW HITPOINT WARNING * * *
You are more poisoned.
Sonja attacks as you move away!
Sonja hits you with a +3 dagger of venom.
* * * LOW HITPOINT WARNING * * *
You are more poisoned.
Sonja hits you with a +3 dagger of venom.
* * * LOW HITPOINT WARNING * * *
Sonja barely misses you.
You die...

#..#####'#####'#__#
#..####..#.K.#.####
#..#__####..##[#
#..#_____##'#_.+
#⌠⌠#_.∩...†..._#
####_..__##_.#+#
#_____###'#
############.##
#∩.....@.K'$.$+
###++++####$.$#
##.## #+#


You could see Sonja.

Vanquished Creatures
  A slime creature (D)
  Sigmund (D)
  A yak (D)
  An ogre (D)
  A jelly (D)
  Ijyb (D)
6 creatures vanquished.

Notes
Turn   | Place    | Note
-------+----------+-------------------------------------------
     0 | D        | Heoruswealwe the Demigod Fighter began the quest for the
                  | Orb.
     0 | D        | Reached XP level 1. HP: 18/18 MP: 3/3
     3 | D        | Noticed Ijyb
    10 | D        | Killed Ijyb
    11 | D        | Reached skill level 3 in Fighting
    11 | D        | Reached XP level 2. HP: 22/27 MP: 4/4
    13 | D        | Noticed an ogre
    18 | D        | Killed an ogre
    19 | D        | Reached skill level 5 in Fighting
    19 | D        | Reached skill level 5 in Armour
    19 | D        | Reached skill level 5 in Shields
    19 | D        | Reached XP level 3. HP: 23/36 MP: 5/5
    19 | D        | Reached XP level 4. HP: 27/42 MP: 6/6
    29 | D        | Noticed Sigmund
    32 | D        | Killed Sigmund
    33 | D        | Reached skill level 6 in Fighting
    33 | D        | Reached XP level 5. HP: 36/51 MP: 7/7
    47 | D        | Noticed a slime creature
    55 | D        | Killed a slime creature
    56 | D        | Reached skill level 7 in Fighting
    56 | D        | Reached skill level 5 in Axes
    56 | D        | Reached XP level 6. HP: 27/61 MP: 8/8
   226 | D        | Found Qoawniy's Assorted Antiques.
   226 | D        | Noticed a yak
   234 | D        | Killed a yak
   235 | D        | Reached skill level 8 in Fighting
   242 | D        | Bought a black potion for 19 gold pieces
   242 | D        | Bought 2 potions of heal wounds for 220 gold pieces
   242 | D        | Bought a scroll labelled JOIWUTZ LAHATEAQ for 22 gold
                  | pieces
   279 | D        | Noticed Sonja
   293 | D        | Found Cax Rear's Book Boutique.
   295 | D        | HP: 3/61 [Sonja/+3 dagger of venom (2)]
   295 | D        | Succumbed to Sonja's poison

Illustrated notes

Levels and vault maps discovered:
D:        dungeon_sprint_1 [red_sonja_temple_1, red_sonja_temple_small_1]

Skill      XL: |  1  2  3  4  5  6 |
---------------+-------------------+-----
Fighting       | 3 5 6 7 8 |  8.2
Axes           | 2 3 4 5 6 |  6.8
Armour         | 3 5 6 7 |  7.6
Shields        | 3 5 6 7 |  7.6

Action                     |  1- 3 |  4- 6 || total
---------------------------+-------+-------++-------
  Melee: War axe           |     7 |    24 ||    31
    Use: Potion            |     3 |     5 ||     8
 Armour: Scale mail        |     1 |     8 ||     9
  Dodge: Dodged            |     2 |    16 ||    18
  Block: Buckler           |     1 |     8 ||     9
